 Dungeon Crawl Stone Soup version 0.30-a0-232-g7c5df11ecf (webtiles) character file.

Game seed: 18352485265949732248

67 qw the Chopper (level 4, -5/28 HPs)
             Began as a Gargoyle Fighter on Oct 9, 2022.
             Killed from afar by Sigmund (10 damage)
             ... with a puff of flame
             ... on level 2 of the Dungeon.
             The game lasted 00:00:32 (891 turns).

qw the Chopper (Gargoyle Fighter)                    Turns: 891, Time: 00:00:33

Health: -5/28      AC: 10    Str: 22    XL:     4   Next: 18%
Magic:  4/4        EV:  9    Int:  8    God:
Gold:   56         SH:  4    Dex:  9    Spells: 3/3 levels left

rFire   . . .      SeeInvis .    Y - +0 war axe
rCold   . . .      Faith    .    c - +0 buckler
rNeg    + . .      Spirit   .    b - +0 scale mail
rPois   inf        Reflect  .    (no helmet)
rElec   +          Harm     .    (no cloak)
rCorr   .          Rampage  .    (no gloves)
Will    .....                    (no boots)
Stlth   ..........               (no amulet)
HPRegen 0.24/turn                (no ring)
MPRegen 0.09/turn                (no ring)

@: no status effects
A: sickness immunity, AC +3, negative energy resistance 1, electricity
resistance, torment resistance 1, petrification resistance
a: no special abilities


You were on level 2 of the Dungeon.
You visited 1 branch of the dungeon, and saw 2 of its levels.

You collected 56 gold pieces.


Innate Abilities, Weirdness & Mutations

You are immune to sickness and miasma.
Your stone body is resilient. (AC +3)
You are immune to poison.
You resist negative energy. (rN+)
You are resistant to electric shocks. (rElec)
You are resistant to unholy torment.
You are immune to petrification.


   Skills:
 - Level 3.2 Fighting
 + Level 3.9 Axes
 - Level 3.2 Armour
 - Level 3.2 Shields


You had 3 spell levels left.
You didn't know any spells.
Your spell library was empty.

Inventory:

Hand Weapons
 a - a +0 whip
 Y - a +0 war axe (weapon)
Missiles
 i - 6 boomerangs (quivered)
Armour
 b - a +0 scale mail (worn)
 c - a +0 buckler (worn)
 g - a +2 ring mail of willpower
Potions
 d - a potion of might
 e - a potion of cancellation {unknown}
 f - a potion of lignification {unknown}
 h - a potion of mutation {unknown}

Dungeon Overview and Level Annotations

Branches:
Dungeon (2/15)

Altars:

Annotations:
D:2 Sigmund


Message History

Sigmund mumbles some strange words.
Sigmund flickers and vanishes!
Deactivating autopickup; reactivate with Ctrl-A.
You barely miss something.
You hear some strange, mumbled words.
You are confused.
You're too confused to attack without stumbling around!
There is a strange disturbance nearby!
Something hits you.
You're too confused to attack without stumbling around!
There is a strange disturbance nearby!
You hear a zap.
A puff of flame appears from out of thin air!
The puff of flame misses you.
You're too confused to attack without stumbling around!
There is a strange disturbance nearby!
Something hits you.
You're too confused to attack without stumbling around!
There is a strange disturbance nearby!
You're too confused to attack without stumbling around!
There is a strange disturbance nearby!
Something hits you.
You're too confused to attack without stumbling around!
There is a strange disturbance nearby!
You feel less confused. Something hits you but does no damage.
You closely miss something. You hit something. Something hits you.
You miss something. Something hits you.
You barely miss something. Something hits you but does no damage.
You slash something! Something hits you.
You closely miss something.
You hear a zap.
A puff of flame appears from out of thin air!
The puff of flame hits you!
You die...

###### #....# #....####
#####..!...$. #####.....{#
#...%....@##
#.###.....#######
##'######>.......# #...~P~
#.......#........# #..PP~P
#.......#........####.7~P~P
#.......#........##..7P~~~~
#.....###........##.~P~~PP~
#.....# #........##.~~P~~~~
#.....###........##...~)~~~


There were no monsters in sight!

Vanquished Creatures
  Terence (D:2)
  A dart slug (D:2)
  3 bats (D:1)
  3 endoplasms (D:2)
  A giant cockroach (D:1)
  5 hobgoblins
  6 jackals (D:1)
  2 quokkas (D:1)
  2 ball pythons (D:1)
  3 frilled lizards
  4 goblins
  4 kobolds
  A rat (D:1)
36 creatures vanquished.

Vanquished Creatures (others)
  3 plants (D:2)
3 creatures vanquished.

Grand Total: 39 creatures vanquished

Notes
Turn   | Place    | Note
-------+----------+-------------------------------------------
     0 | D:1      | qw the Gargoyle Fighter began the quest for the Orb.
     0 | D:1      | Reached XP level 1. HP: 14/14 MP: 1/1
     0 | D:1      | 0 ||| qw: Version: 0.2-a-17-g06abaee
     0 | D:1      | 0 ||| qw: Game counter: 2314
     0 | D:1      | 0 ||| qw: Always use a shield: true
     0 | D:1      | 0 ||| qw: God list: Okawaru
     0 | D:1      | 0 ||| qw: Allow faded altars: false
     0 | D:1      | 0 ||| qw: Do Orc after D:15 true
     0 | D:1      | 0 ||| qw: Do second Lair branch before Depths: true
     0 | D:1      | 0 ||| qw: Lair rune preference: random
     0 | D:1      | 0 ||| qw: Plans: Normal, Zot:1-4, God:TSO, Crypt, Tomb,
                  | Pan, Slime:5, Hells, Abyss, Orb
     0 | D:1      | 0 ||| PLANNING D:1-11
    74 | D:1      | 74 ||| Stepping ~*~*~tactically~*~*~ (stealth).
    88 | D:1      | Reached XP level 2. HP: 14/19 MP: 2/2
   348 | D:1      | Reached skill level 3 in Axes
   429 | D:1      | Reached XP level 3. HP: 23/23 MP: 3/3
   579 | D:1      | 579 ||| READING scroll labelled XAUCUO KOGYOWK.
   580 | D:1      | 580 ||| READING scroll labelled EPITWOH WEOFF.
   581 | D:1      | 581 ||| READING scroll labelled GUVAUD USCHE.
   624 | D:2      | Noticed Terence
   636 | D:2      | Killed Terence
   643 | D:2      | 643 ||| DROPPING +0 club.
   695 | D:2      | Reached XP level 4. HP: 28/28 MP: 4/4
   866 | D:2      | Noticed Sigmund
   890 | D:2      | HP: 5/28 [something (6)]
   891 | D:2      | Killed from afar by Sigmund

Levels and vault maps discovered:
D:1:      mrwooster_arrival_statue_2, layout_basic
D:2:      layout_basic, dilly_ecumenical_altar_fadedgnrine,
          serial_bayou_lagoon_b, uniq_sigmund, uniq_crazy_yiuf_cottage,
          uniq_terence

Skill      XL: |  1  2 |
---------------+-------+-----
Axes           | 2 3 |  3.9
Fighting       | |  3.2
Armour         | |  3.2
Shields        | |  3.2

Action                   |  1- 3 |  4- 6 || total
-------------------------+-------+-------++-------
Melee: War axe           |    80 |    37 ||   117
Throw: Boomerang         |       |     4 ||     4
  Use: Scroll            |     3 |       ||     3
Armor: Scale mail        |    33 |    17 ||    50
Dodge: Dodged            |    38 |    12 ||    50
Block: Buckler           |    17 |     3 ||    20

Table legend:
 A = Non-vault XP
 B = Vault XP
 C = Vault XP percentage of total XP
 D = Non-vault monster count
 E = Vault monster count
 F = Vault count percentage of total count
                 A         B        C        D         E       F
            +---------+---------+-------+---------+---------+-------
      Total |      61 |      36 |  37.1 |      35 |       1 |   2.8
            +---------+---------+-------+---------+---------+-------
        D:1 |      40 |       0 |   0.0 |      24 |       0 |   0.0
        D:2 |      21 |      36 |  63.2 |      11 |       1 |   8.3
            +---------+---------+-------+---------+---------+-------
